 Dungeon Crawl Stone Soup version 0.25.0-11-g1f837a76a1 (webtiles) character file.

Game seed: 4034534356826948119

564 Apogee the Cudgeler (level 7, -4/41 HPs)
             Began as a Gargoyle Gladiator on June 25, 2020.
             Killed from afar by an orc wizard (6 damage)
             ... with a magic dart
             ... on level 4 of the Dungeon.
             The game lasted 00:07:55 (5243 turns).

Apogee the Cudgeler (Gargoyle Gladiator)            Turns: 5243, Time: 00:07:56

Health: -4/41      AC: 12    Str: 19    XL:     7   Next: 32%
Magic:  7/7        EV:  8    Int:  9    God:
Gold:   214        SH:  0    Dex: 11    Spells: 6/6 levels left

rFire    . . .     SeeInvis .   a - +0 flail
rCold    . . .     Gourm    .   (no shield)
rNeg     + . .     Faith    .   u - +0 chain mail
rPois    ∞         Spirit   .   (helmet restricted)
rElec    +         Reflect  .   (no cloak)
rCorr    .         Harm     .   (no gloves)
MR       .....                  (no boots)
Stlth    ..........             (no amulet)
HPRegen  0.13/turn              (no ring)
MPRegen  0.10/turn              (no ring)

@: no status effects
A: beak, deterioration 1, negative energy resistance 1, electricity resistance,
unbreathing, petrification resistance, rot immunity, MP-powered wands, AC +4
a: no special abilities


You were on level 4 of the Dungeon.
You were not hungry.

You visited 2 branches of the dungeon, and saw 5 of its levels.

You collected 214 gold pieces.

Inventory:

Hand Weapons
 a - a +0 flail (weapon)
 i - a +0 club
Missiles
 d - a throwing net
 g - 179 stones (quivered)
 v - 3 poisoned darts
Armour
 b - a +0 leather armour
 c - a +0 helmet
 l - a +0 helmet
 u - a +0 chain mail (worn)
Jewellery
 h - a cursed ring of attention {unknown}
 k - an uncursed ring of protection from cold {unknown}
 w - a +6 ring of dexterity {unknown}
Wands
 y - a wand of digging (5)
 G - a wand of paralysis (4)
Scrolls
 e - a scroll of amnesia {unknown}
 m - 5 scrolls of teleportation {unknown}
 n - 3 scrolls of fear {unknown}
 p - 3 scrolls of enchant weapon {unknown}
 r - 2 scrolls of blinking {unknown}
 s - 3 scrolls of enchant armour {unknown}
 A - 3 scrolls of immolation {unknown}
 B - a scroll of random uselessness {unknown}
 E - 2 scrolls of remove curse {unknown}
 F - a scroll of magic mapping {unknown}
Potions
 o - a potion of lignification
 q - 3 potions of stabbing
Comestibles
 f - 13 rations
 j - 3 chunks of flesh


   Skills:
 + Level 3.2 Fighting
 + Level 7.9 Maces & Flails
 - Level 1.7 Throwing
 - Level 2.4 Dodging


You had 6 spell levels left.
You didn't know any spells.
Your spell library was empty.

Dungeon Overview and Level Annotations

Branches:
Dungeon (4/15)             Temple (1/1) D:4

Altars:
Ashenzari
Dithmenos
Elyvilon
Gozag
Hepliaklqana
Kikubaaqudgha
Okawaru
Sif Muna
Trog
Uskayaw
Vehumet
Wu Jian
Xom
Yredelemnul
The Shining One

Annotations:
D:2 1 runed translucent door, Crazy Yiuf


Innate Abilities, Weirdness & Mutations

You are resistant to torment.
Your stone body is resilient. (AC +4)
You are immune to poison.
You resist negative energy. (rN+)
You are resistant to electric shocks. (rElec)
You can survive without breathing.
You are immune to petrification.
You are immune to rotting.
You have a beak for a mouth.
Your body sometimes deteriorates upon taking damage.
You expend magic power (3 MP) to strengthen your wands.


Message History

The hound completely misses you.
You thump the orc priest!
You kill the orc priest!
The hound bites you.
* * * LOW HITPOINT WARNING * * *
Unknown command.
It was a potion of flight.
You feel very buoyant.
You fly up into the air.
The hound closely misses you. The orc hits you but does no damage.
The hound bites you but does no damage.
The orc wizard gestures wildly while chanting.
The orc wizard blinks!
It was a potion of cancellation.
Your magical effects are unravelling.
You feel magically purged.
You float gracefully downwards.
The hound bites you but does no damage. The orc hits you but does no damage.
The hound bites you but does no damage. x2
The orc wizard gestures at you while chanting.
The magic dart hits you.
You die...

####.#.####.##.######|...........
#....#.##..........#######.......
#.##.#.##.#.######.# ##.#.##.
........#.#.# ####.#### #......
#.##.#......# #.......# ##...##
#.##.##.#.### #.##....# #...#
#.##......# #.#.....# #...#
#.#####÷### #.##o...#### #...#
#.....#.##### #h@........# #...#
#......÷....# #o##..#.##.###...##
#))...#....÷###)##..#............
#)#####.........##..#............
#.# #.....###.##.##............
#.# #.....# #.##.##.##.###...##
#)# ####### #..........# #...#
#.########## ####.####### #...#
#.##.......# #># #...#


You could see a hound, an orc wizard (fast) and an orc.

Vanquished Creatures
  Duvessa (D:4)
  Dowan (D:4)
  A howler monkey (D:4)
  A crimson imp (D:4)
  2 hounds (D:4)
  An orc priest (D:4)
  Jessica (D:2)
  A worker ant (D:4)
  Natasha (D:4)
  Robin (D:4)
  5 adders
  An ooze (D:1)
  3 worms
  2 dart slugs
  2 leopard geckos (D:1)
  2 orcs (D:3)
  A ball python (D:1)
  3 giant cockroaches
  10 hobgoblins
  7 kobolds
  5 quokkas
  8 bats
  4 frilled lizards
  19 goblins
  14 rats
  A butterfly (D:4)
  A fungus (D:2)
99 creatures vanquished.

Vanquished Creatures (others)
  A plant (D:3)
1 creature vanquished.

Grand Total: 100 creatures vanquished

Notes
Turn   | Place    | Note
-------+----------+-------------------------------------------
     0 | D:1      | Apogee the Gargoyle Gladiator began the quest for the Orb.
     0 | D:1      | Reached XP level 1. HP: 12/12 MP: 1/1
   298 | D:1      | Reached XP level 2. HP: 17/17 MP: 2/2
   894 | D:1      | Reached skill level 4 in Maces & Flails
  1317 | D:1      | Reached XP level 3. HP: 17/21 MP: 3/3
  1598 | D:2      | Noticed Jessica
  1609 | D:2      | Killed Jessica
  1609 | D:2      | Reached XP level 4. HP: 23/26 MP: 4/4
  1850 | D:2      | Reached skill level 5 in Maces & Flails
  2041 | D:2      | Found a white marble altar of Elyvilon.
  2634 | D:2      | Found a runed translucent door.
  2635 | D:2      | Noticed Crazy Yiuf
  2990 | D:3      | Reached XP level 5. HP: 23/30 MP: 5/5
  3292 | D:3      | Found a bloodstained altar of Trog.
  3729 | D:3      | Found a faded altar of an unknown god.
  3864 | D:4      | Noticed Natasha
  3996 | D:4      | Noticed Robin
  4035 | D:4      | Killed Robin
  4035 | D:4      | Reached skill level 6 in Maces & Flails
  4130 | D:4      | Reached XP level 6. HP: 29/36 MP: 6/6
  4383 | D:4      | Noticed Dowan
  4384 | D:4      | Noticed Duvessa
  4459 | D:4      | Killed Duvessa
  4459 | D:4      | Reached skill level 7 in Maces & Flails
  4482 | D:4      | Gained mutation: You have a beak for a mouth. [potion of
                  | mutation]
  4482 | D:4      | Gained mutation: Your body sometimes deteriorates upon
                  | taking damage. [potion of mutation]
  4482 | D:4      | Gained mutation: You expend magic power (3 MP) to
                  | strengthen your wands. [potion of mutation]
  4488 | D:4      | HP: 2/54 [Natasha/magic dart (6)]
  4489 | D:4      | Killed Natasha
  4489 | D:4      | Reached XP level 7. HP: 2/41 MP: 7/7
  4494 | D:4      | Killed Dowan
  4895 | D:4      | Found a staircase to the Ecumenical Temple.
  4903 | Temple   | Entered the Ecumenical Temple
  5240 | D:4      | HP: 2/41 [hound (3)]
  5243 | D:4      | Killed from afar by an orc wizard

Illustrated notes

Levels and vault maps discovered:
D:1:      lightli_arrival_isolated_outpost, layout_basic
D:2:      layout_rooms, elyvilon_altar_3, first_ration, uniq_jessica,
          uniq_crazy_yiuf_cottage
D:3:      layout_loops_ring, chequers_ecumenical_altar_lobes,
          trog_butcher_becter
D:4:      layout_loops_cross, minmay_temple_entry_butterflies,
          grunt_ministairs_4, uniq_robin, uniq_natasha, uniq_duvessa
Temple:   compressed_dpeg_circular_temple

Skill      XL: |  1  2  3  4  5  6 |
---------------+-------------------+-----
Maces & Flails | 4 5 6 7 |  7.9
Fighting       | 3 |  3.2
Throwing       | |  1.7
Dodging        | |  2.4

Action                   |  1- 3 |  4- 6 |  7- 9 || total
-------------------------+-------+-------+-------++-------
Melee: Club              |   136 |   415 |       ||   551
       Flail             |     9 |    24 |    26 ||    59
       Peck              |       |       |     5 ||     5
Throw: Throwing net      |       |     2 |       ||     2
       Stone             |       |     3 |       ||     3
Evoke: Wand              |       |     7 |       ||     7
  Use: Potion            |       |     3 |     5 ||     8
 Stab: Held in net/web   |       |     3 |       ||     3
       Paralysed         |       |    12 |       ||    12
  Eat: Chunk             |     1 |    11 |     3 ||    15
Armor: Leather armour    |    61 |    32 |       ||    93
       Chain mail        |       |   253 |    19 ||   272
       Skin              |       |     3 |     1 ||     4
Dodge: Dodged            |   104 |   167 |    15 ||   286
